AoeStats
← Huskarls4

Arena

504565683Analyzed
4v4 RM · 2mo ago on Sep 5, 2026· 14m 56s· 8 players
Game mode
Random Map
Map size
Large (8 player)
Population
200
Speed
Normal
Resources
Standard
Victory
Conquest
Starting age
Dark Age
Ending age
Imperial Age
RankedLock teamsTeams togetherTeam positionsShared explorationLock speedFull tech treeHidden civsTurbo modeCheats
Victory
Defeat
🇩🇪 Italians · Germany
1386
+15
🇮🇳 Dravidians · India
1347
+17
🇩🇰 Bohemians · Denmark
1344
+17
🇨🇴 Poles · Colombia
1311
+18
vs
🇻🇳 Inca · Vietnam
1457
-20
🇬🇧 Goths · United Kingdom
1443
-20
🇨🇳 Gurjaras · China
1299
-14
🇩🇪 Persians · Germany
1264
-13
TrCL.MAN1AC
11:02 Feudal Age
14:32 Castle Age
12:22 Double-Bit Axe
12:19 Horse Collar
lsh2911
10:45 Feudal Age
15:05 Castle Age
13:35 Double-Bit Axe
RockAxe4356
10:37 Feudal Age
14:45 Castle Age
13:48 Double-Bit Axe
13:44 Horse Collar
Milongo
12:07 Feudal Age
15:49 Castle Age
14:23 Horse Collar
14:29 Double-Bit Axe
14:36 Gold Mining
Huskarls4
10:43 Feudal Age
14:37 Castle Age
12:21 Horse Collar
13:37 Double-Bit Axe
fastgg
9:58 Feudal Age
14:04 Castle Age
13:34 Double-Bit Axe
13:30 Horse Collar
myth大帝110110110
2:55 Loom
10:07 Feudal Age
13:43 Castle Age
12:32 Double-Bit Axe
thanh7531
9:47 Feudal Age
15:01 Castle Age
Connection lost

Rejoining the realm…

Still unreachable

The connection could not be restored.

Session expired

The server has moved on; the page needs a fresh start.